 Seeded DCSS version 0.27.1-1-g398f81649c (webtiles) character file.

Game seed: 16833236049872184031 (custom seed)

105000 aster the Severer (level 16, -11/149 HPs)
             Began as a Hill Orc Fighter on Sept 12, 2021.
             Was the Champion of Qazlal.
             Shot with a bolt by Vashnia (33 damage)
             ... on level 2 of the Snake Pit.
             The game lasted 00:55:07 (24081 turns).

aster the Severer (Hill Orc Fighter)               Turns: 24081, Time: 00:55:07

Health: -11/149    AC: 30    Str: 29    XL:     16   Next: 40%
Magic:  26/26      EV:  8    Int: 14    God:    Qazlal [******]
Gold:   3435       SH: 22    Dex: 15    Spells: 15/15 levels left

rFire    + . .     SeeInvis +   a - +4 war axe of Neug Dock {freeze, +Blink rCorr Int+4}
rCold    + + .     Faith    .   c - +0 kite shield
rNeg     . . .     Spirit   .   Y - +1 plate armour {rC+}
rPois    +         Reflect  .   j - +3 crown of Dyrovepreva {rElec Int+2 SInv}
rElec    +         Harm     .   y - +2 cloak {rCorr}
rCorr    +         Rampage  .   n - +2 pair of gloves of the Old World {Dex+4}
Will     ++...                  I - +1 pair of boots
Stlth    ..........             H - amulet "Xuxoax" {*Corrode rF+ rC+ Regen+ Stlth+}
HPRegen  1.34/turn              u - ring "Xumaprou" {*Corrode rPois Str+3 Dex+3 SInv}
MPRegen  0.20/turn              K - ring of willpower

@: lethally poisoned (-11 -> -27), protected from physical damage, corroded,
repel missiles
A: clumsy 1
a: Renounce Religion, Evoke Blink, Upheaval, Elemental Force, Disaster Area


You were on level 2 of the Snake Pit.
You worshipped Qazlal.
Qazlal was exalted by your worship.
You visited 5 branches of the dungeon, and saw 26 of its levels.
You also visited: Bailey.

You collected 4191 gold pieces.
You spent 756 gold pieces at shops.

Inventory:

Hand Weapons
 a - the +4 war axe of Neug Dock (weapon) {freeze, +Blink rCorr Int+4}
   (You found it on level 1 of the Lair of Beasts)

   It freezes those it strikes, dealing additional cold damage.
   It can also slow down cold-blooded creatures.
   Int:       It affects your intelligence (+4).
   +Blink:    It lets you blink.
   rCorr:     It protects you from acid and corrosion.
 b - the +4 spear "Hydra's Nightmare" {vorpal, rPois rF+ MP-9}
   (You bought it in a shop on level 2 of the Orcish Mines)

   It inflicts extra damage upon your enemies.
   rF:        It protects you from fire.
   rPois:     It protects you from poison.
   MP:        It affects your magic capacity (-9).
 Z - the +9 morningstar of Tinuek {drain, *Slow rElec Dex+3}
   (You found it on level 14 of the Dungeon)

   A truly terrible weapon, it drains the life of any living foe it strikes.
   Dex:       It affects your dexterity (+3).
   rElec:     It insulates you from electricity.
   *Slow:     It may slow you when you take damage.
Missiles
 r - a throwing net
 B - a curare-tipped dart
Armour
 c - a +0 kite shield (worn)
 j - the +3 crown of Dyrovepreva (worn) {rElec Int+2 SInv}
   (You found it on level 14 of the Dungeon)

   Int:       It affects your intelligence (+2).
   rElec:     It insulates you from electricity.
   SInv:      It lets you see invisible.
 n - the +2 pair of gloves of the Old World (worn) {Dex+4}
   (You acquired it on level 3 of the Dungeon)

   Dex:       It affects your dexterity (+4).
 y - a +2 cloak of preservation (worn)
 I - a +1 pair of boots (worn)
 X - the +1 plate armour "Uttodd" {rCorr}
   (You found it on level 14 of the Dungeon)

   rCorr:     It protects you from acid and corrosion.
 Y - a +1 plate armour of cold resistance (worn)
Jewellery
 d - a +4 ring of evasion
 f - a +4 ring of protection
 h - a ring of see invisible
 l - a ring of protection from cold
 u - the ring "Xumaprou" (left hand) {*Corrode rPois Str+3 Dex+3 SInv}
   (You acquired it in a bailey)

   [ring of poison resistance]

   Str:       It affects your strength (+3).
   Dex:       It affects your dexterity (+3).
   rPois:     It protects you from poison.
   SInv:      It lets you see invisible.
   *Corrode:  It may corrode you when you take damage.
 z - an amulet of faith
 H - the amulet "Xuxoax" (around neck) {*Corrode rF+ rC+ Regen+ Stlth+}
   (You acquired it on level 12 of the Dungeon)

   [amulet of regeneration]

   rF:        It protects you from fire.
   rC:        It protects you from cold.
   Regen:     It increases your rate of health regeneration.
   *Corrode:  It may corrode you when you take damage.
   Stlth:     It makes you more stealthy.
 J - an amulet of guardian spirit
 K - a ring of willpower (right hand)
Scrolls
 g - 4 scrolls of brand weapon
 i - 5 scrolls of identify
 k - 12 scrolls of teleportation
 m - 3 scrolls of enchant weapon
 x - 5 scrolls of amnesia
 C - 4 scrolls of magic mapping
 G - 5 scrolls of fear
 M - a scroll of immolation
 O - a scroll of summoning
 R - 4 scrolls of blinking
 S - 2 scrolls of enchant armour
 T - 3 scrolls of fog
 U - a scroll of silence
Potions
 e - 2 potions of lignification
 o - 10 potions of haste
 p - 5 potions of flight
 q - 12 potions of curing
 t - 4 potions of magic
 v - 2 potions of brilliance
 w - 2 potions of cancellation
 A - 7 potions of heal wounds
 D - 3 potions of resistance
 E - 3 potions of mutation
 L - 2 potions of invisibility
 N - 3 potions of attraction
 P - 2 potions of might
 Q - a potion of ambrosia
 V - a potion of berserk rage


   Skills:
 * Level 15.6 Fighting
 + Level 18.9(19.2) Axes
 - Level 5.1(12.0) Polearms
 + Level 16.2 Armour
 + Level 13.2 Shields
 + Level 13.8 Invocations
 - Level 3.0 Evocations


You had 15 spell levels left.
You didn't know any spells.
Your spell library contained the following spells:

 Spells                   Type           Power      Damage    Failure   Level
 Corona                   Hex            0%         N/A       89%         1
 Shock                    Conj/Air       0%         1d3       89%         1
 Sting                    Tmut/Pois      0%         1d3       89%         1
 Blink                    Tloc           N/A        N/A       96%         2
 Corpse Rot               Necr/Air       N/A        N/A       96%         2
 Ensorcelled Hibernation  Hex/Ice        0%         N/A       96%         2
 Passwall                 Tmut/Erth      0%         N/A       96%         2
 Poisonous Vapours        Pois/Air       0%         N/A       96%         2
 Call Canine Familiar     Summ           0%         N/A       99%         3
 Conjure Flame            Conj/Fire      0%         6-21      99%         3
 Frozen Ramparts          Ice            0%         1d2       99%         3
 Gell's Gravitas          Tloc           0%         N/A       99%         3
 Ignite Poison            Fire/Tmut/Pois 0%         N/A       99%         3
 Lesser Beckoning         Tloc           0%         N/A       99%         3
 Ozocubu's Armour         Ice            0%         N/A       99%         3
 Portal Projectile        Hex/Tloc       0%         N/A       99%         3
 Summon Guardian Golem    Hex/Summ       0%         N/A       99%         3
 Swiftness                Air            0%         N/A       99%         3
 Teleport Other           Tloc           0%         N/A       99%         3
 Tukima's Dance           Hex            0%         N/A       99%         3
 Airstrike                Air            0%         N/A       100%        4
 Dispel Undead            Necr           0%         3d6       100%        4
 Ice Form                 Ice/Tmut       0%         N/A       100%        4
 Leda's Liquefaction      Hex/Erth       0%         N/A       100%        4
 Olgreb's Toxic Radiance  Pois           0%         N/A       100%        4
 Sticky Flame             Conj/Fire      0%         2d3       100%        4
 Summon Ice Beast         Ice/Summ       0%         N/A       100%        4
 Summon Lightning Spire   Summ/Air       0%         N/A       100%        4
 Blade Hands              Tmut           0%         N/A       100%        5
 Excruciating Wounds      Necr           0%         N/A       100%        5
 Freezing Cloud           Conj/Ice/Air   0%         6-21      100%        5
 Lightning Bolt           Conj/Air       0%         1d11      100%        5
 Manifold Assault         Tloc           0%         N/A       100%        5
 Metabolic Englaciation   Hex/Ice        0%         N/A       100%        5
 Death Channel            Necr           0%         N/A       100%        6
 Invisibility             Hex            0%         N/A       100%        6
 Simulacrum               Ice/Necr       0%         N/A       100%        6
 Orb of Destruction       Conj           0%         N/A       100%        7
 Spellforged Servitor     Conj/Summ      0%         N/A       100%        7
 Storm Form               Tmut/Air       0%         N/A       100%        7


Dungeon Overview and Level Annotations

Branches:
Dungeon (15/15)            Temple (1/1) D:6            Lair (6/6) D:11
 Shoals (0/4) Lair:3        Snake (2/4) Lair:4        Slime (0/5) Lair:5
    Orc (2/2) D:12            Elf (0/3) Orc:2        Vaults (0/5) D:14
 Depths (0/5) D:15         Bailey (visited)

Altars:
Ashenzari
Cheibriados
Dithmenos
Elyvilon
Fedhas
Gozag
Hepliaklqana
Kikubaaqudgha
Makhleb
Nemelex Xobeh
Okawaru
Qazlal
Ru
Sif Muna
Trog
Uskayaw
Vehumet
Wu Jian
Xom
Yredelemnul
Zin
The Shining One
Beogh

Shops:
D:7 :[*   Orc:2 (!?(

Annotations:
D:9 3 runed translucent doors, mainiacjoe's ghost, novice GrEE
D:12 2 runed translucent doors
Snake:2 Aizul; Vashnia


Innate Abilities, Weirdness & Mutations

You are clumsy. (Dex -2)


Message History

You feel sick. Aizul casts a spell at you.
The bolt of poison hits you but does no damage.
You resist.
You closely miss Aizul.
Aizul is almost dead.
You feel sick.
The naga sharpshooter shoots a bolt.
You block the bolt. You block Aizul's attack.
You closely miss Aizul.
Aizul is almost dead.
You feel sick.
The naga sharpshooter shoots a bolt.
You block the bolt.
Aizul coils herself and waves her upper body at you.
You block the poison arrow.
You hit Aizul but do no damage.
Aizul is almost dead.
You feel sick.
Vashnia unwields a +1 vampiric halberd.
Vashnia wields a +0 arbalest.
Vashnia shoots a bolt.
The bolt hits you!!!
* * * LOW HITPOINT WARNING * * *
Aizul casts a spell at you. You resist with some effort.
The naga sharpshooter shoots a bolt.
You block the bolt.
Your protection from physical attacks is fading.
You feel sick.
The naga sharpshooter mumbles some strange words.
The naga sharpshooter magically shoots a bolt.
The bolt hits you but does no damage. Aizul casts a spell at you.
The poison arrow hits you!
You are more poisoned.
You partially resist.
* * * LOW HITPOINT WARNING * * *
You feel much better.
You feel very sick.
Aizul coils herself and waves her upper body at you.
The bolt of poison hits you.
You are more poisoned.
You resist.
* * * LOW HITPOINT WARNING * * *
Vashnia shoots a bolt.
The bolt hits you!!
You die...

.. #.. #.#
#.# #.# #.#
#.#####...
####.<§....#
#.○S@.○..#...
#°..§.☼..#
#.........##
#.....°...#
#..........#
#..........#
#..........N.
######.##.##N
.. .#


You could see Vashnia, Aizul and a naga sharpshooter.

Vanquished Creatures
  Kirke (D:14)
  The ghost of oldmanjim the Severer, a journeyman MiBe of Trog (Lair:1)
  3 vault guards (D:14)
  Harold (Orc:1)
  A boulder beetle (D:6)
  A merfolk avatar (Lair:6)
  5 centaur warriors
  12 hydras
  8 two-headed ogres
  An alligator (Lair:6)
  17 death yaks
  A naga sharpshooter (Snake:1)
  A shock serpent (Snake:2)
  9 orc high priests (Orc:2)
  Nergalle (Orc:1)
  4 skeletal warriors
  A sea snake (Lair:6)
  A naga ritualist (Snake:1)
  2 wizards (D:14)
  2 orc knights
  A harpy (Lair:6)
  Pikel (D:5)
  A deep elf archer (D:14)
  A necromancer (D:14)
  2 manticores (D:14)
  An orc sorcerer (Orc:1)
  6 ugly things
  6 cyclopes
  A salamander (Snake:1)
  15 elephants
  A torpor snail (Lair:6)
  A naga mage (Snake:1)
  A gargoyle (D:11)
  7 black mambas
  3 unseen horrors
  13 cane toads
  Psyche (D:12)
  3 rime drakes
  10 komodo dragons
  3 hornets
  4 polar bears
  15 blink frogs
  A wind drake (Lair:6)
  2 trolls
  9 dream sheep
  3 snapping turtles
  10 slime creatures (D:13)
  2 shadows (D:10)
  4 hogs (D:14)
  2 vampires
  4 wyverns
  3 basilisks
  18 humans (D:14)
  A wraith (D:11)
  44 yaks
  5 steam dragons
  Menkaure (D:5)
  9 wargs
  Edmund (D:5)
  2 acid dragons
  6 nagas
  11 water moccasins
  29 orc warriors
  6 ice beasts
  6 black bears
  2 sky beasts
  15 wolves (Lair:2)
  4 ogres
  3 phantoms
  8 centaurs
  4 kobold brigands
  14 bullfrogs
  3 scorpions (D:7)
  2 gnoll sergeants
  8 killer bees
  3 howler monkeys
  A vampire bat (Lair:4)
  A bullfrog zombie (D:6)
  Crazy Yiuf (D:7)
  3 centaur zombies
  A hound (D:6)
  2 jellies (Lair:5)
  31 orc priests
  2 bullfrog skeletons
  Jessica (D:3)
  2 iguanas (Lair:3)
  Ijyb (D:5)
  7 hell rats (Lair:6)
  11 orc wizards
  A hound zombie (D:5)
  2 hound skeletons (D:4)
  2 howler monkey zombies
  27 gnolls
  6 adders
  A white imp (D:7)
  2 ufetubi
  2 adder skeletons (D:4)
  2 worms
  3 dart slugs (D:2)
  69 orcs
  8 ball pythons
  8 bats
  7 endoplasms
  2 giant cockroaches
  18 goblins
  17 hobgoblins
  30 kobolds
  2 quokkas
  7 frilled lizards
  8 rats
703 creatures vanquished.

Vanquished Creatures (others)
  A black mamba (Lair:5)
  16 fungi
  31 plants
48 creatures vanquished.

Grand Total: 751 creatures vanquished

Notes
Turn   | Place    | Note
-------+----------+-------------------------------------------
     0 | D:1      | aster the Hill Orc Fighter began the quest for the Orb.
     0 | D:1      | Reached XP level 1. HP: 19/19 MP: 1/1
   155 | D:1      | Reached skill level 3 in Axes
   163 | D:1      | Reached XP level 2. HP: 27/27 MP: 2/2
   207 | D:1      | Found a faded altar of an unknown god.
   507 | D:1      | Reached XP level 3. HP: 32/33 MP: 3/3
  1078 | D:2      | You fall into a shaft and drop 2 floors!
  1198 | D:3      | Reached skill level 4 in Axes
  1463 | D:2      | Reached XP level 4. HP: 36/40 MP: 4/4
  1579 | D:2      | Found a basalt altar of Yredelemnul.
  2031 | D:3      | Noticed Jessica
  2038 | D:3      | Killed Jessica
  2039 | D:3      | Reached skill level 5 in Axes
  2039 | D:3      | Reached XP level 5. HP: 43/47 MP: 5/5
  2300 | D:3      | Identified 3 scrolls of acquirement
  2300 | D:3      | Acquired 931 gold pieces
  2304 | D:3      | Acquired the +2 pair of gloves of the Old World {Dex+4}
  2310 | D:3      | Acquired a manual of Armour
  2330 | D:4      | Found a sparkling altar of Nemelex Xobeh.
  2989 | D:4      | Found a snail-covered altar of Cheibriados.
  3024 | D:4      | Noticed a centaur
  3154 | D:4      | Reached XP level 6. HP: 50/53 MP: 6/6
  3252 | D:4      | Reached skill level 6 in Axes
  3496 | D:5      | Entered Level 5 of the Dungeon
  3510 | D:5      | Noticed Pikel
  3520 | D:5      | Reached skill level 5 in Fighting
  3543 | D:5      | Killed Pikel
  3544 | D:5      | Reached skill level 7 in Axes
  3544 | D:5      | Reached skill level 5 in Shields
  3544 | D:5      | Reached XP level 7. HP: 12/62 MP: 7/7
  3849 | D:5      | Found a stormy altar of Qazlal.
  3851 | D:5      | Found a blossoming altar of Fedhas.
  3857 | D:5      | Became a worshipper of Qazlal Stormbringer
  3910 | D:5      | Reached skill level 8 in Axes
  3910 | D:5      | Reached XP level 8. HP: 51/70 MP: 8/8
  4171 | D:5      | Noticed Menkaure
  4424 | D:5      | Killed Menkaure
  4688 | D:5      | Noticed Edmund
  4704 | D:5      | Killed Edmund
  4705 | D:5      | Reached skill level 9 in Axes
  4767 | D:5      | Noticed Ijyb
  4782 | D:5      | Killed Ijyb
  5542 | D:6      | Reached skill level 1 in Invocations
  5687 | D:6      | Found a staircase to the Ecumenical Temple.
  5706 | D:6      | Reached XP level 9. HP: 73/78 MP: 10/10
  5756 | Temple   | Entered the Ecumenical Temple
  6075 | D:6      | Reached skill level 10 in Axes
  6300 | D:6      | Found an iron altar of Okawaru.
  6300 | D:6      | Found a hide-covered altar of Uskayaw.
  6429 | D:6      | Noticed a boulder beetle
  6526 | D:6      | Noticed a troll
  6546 | D:6      | Killed a troll
  6580 | D:6      | Killed a boulder beetle
  6581 | D:6      | Reached skill level 11 in Axes
  6581 | D:6      | Reached XP level 10. HP: 36/88 MP: 11/13
  6934 | D:6      | Reached * piety under Qazlal
  6991 | D:6      | Reached skill level 5 in Invocations
  7185 | D:7      | Found Jyecorpha's Book Shoppe.
  7203 | D:7      | Found a flagged portal.
  7219 | Bailey   | Entered a bailey
  7338 | Bailey   | Reached ** piety under Qazlal
  7411 | Bailey   | Noticed an orc knight
  7432 | Bailey   | Killed an orc knight
  7824 | Bailey   | Acquired the ring "Xumaprou" {*Corrode rPois Str+3 Dex+3
                  | SInv}
  7842 | D:7      | Found a bloodstained altar of Trog.
  7851 | D:7      | Reached skill level 10 in Armour
  7940 | D:7      | Reached skill level 12 in Axes
  8160 | D:7      | Found Fewk's Armour Shoppe.
  8179 | D:7      | Bought a +2 cloak of preservation for 301 gold pieces
  8314 | D:7      | Found Qepsihuv's Assorted Antiques.
  8583 | D:7      | Found a runed translucent door.
  8584 | D:7      | Noticed Crazy Yiuf
  8760 | D:7      | Found an ancient bone altar of Kikubaaqudgha.
  8845 | D:7      | Killed Crazy Yiuf
  9031 | D:8      | Reached *** piety under Qazlal
  9392 | D:8      | Reached XP level 11. HP: 89/97 MP: 16/16
 10091 | D:8      | Reached skill level 13 in Axes
 10247 | D:9      | Found a runed translucent gate.
 10247 | D:9      | Noticed mainiacjoe's ghost (novice GrEE)
 10248 | D:9      | Found a runed translucent gate.
 10248 | D:9      | Found a runed translucent gate.
 10248 | D:9      | Noticed a centaur warrior
 10314 | D:9      | Noticed a two-headed ogre
 10323 | D:9      | Killed a two-headed ogre
 10351 | D:9      | Noticed a two-headed ogre
 10355 | D:9      | Killed a two-headed ogre
 10991 | D:10     | Entered Level 10 of the Dungeon
 11004 | D:10     | Noticed a two-headed ogre
 11017 | D:10     | Killed a two-headed ogre
 11026 | D:10     | Reached **** piety under Qazlal
 11160 | D:10     | Reached skill level 14 in Axes
 11320 | D:10     | Reached skill level 10 in Fighting
 12002 | D:11     | Noticed a two-headed ogre
 12016 | D:11     | Killed a two-headed ogre
 12017 | D:11     | Reached XP level 12. HP: 29/106 MP: 18/18
 12333 | D:11     | Noticed a two-headed ogre
 12344 | D:11     | Killed a two-headed ogre
 12455 | D:11     | Found a staircase to the Lair.
 12667 | D:12     | Found a runed translucent door.
 12671 | D:12     | Noticed a fire dragon
 12672 | D:12     | Noticed an ice dragon
 12673 | D:12     | Noticed a fire dragon
 12674 | D:12     | Noticed an ice dragon
 12674 | D:12     | Found the +2 shield of Resistance {rF++ rC++ Will++}
 12727 | D:12     | Identified the +2 leather armour of Xitureoff {rC- Int+6
                  | Stlth+}
 12915 | D:12     | Found a runed translucent door.
 13051 | D:12     | Reached skill level 15 in Axes
 13071 | D:12     | Noticed Psyche
 13079 | D:12     | Killed Psyche
 13091 | D:12     | Reached ***** piety under Qazlal
 13110 | D:12     | Reached skill level 10 in Shields
 13165 | D:12     | Found a staircase to the Orcish Mines.
 13302 | D:12     | Noticed a four-headed hydra
 13349 | D:12     | Killed a four-headed hydra
 13657 | D:13     | Noticed a centaur warrior
 13667 | D:13     | Noticed a two-headed ogre
 13856 | D:12     | Acquired the amulet "Xuxoax" {*Corrode rF+ rC+ Regen+
                  | Stlth+}
 13875 | D:12     | Killed a two-headed ogre
 13912 | D:13     | Killed a centaur warrior
 14047 | D:13     | Noticed a two-headed ogre
 14054 | D:13     | Killed a two-headed ogre
 14079 | D:13     | Reached skill level 10 in Invocations
 14079 | D:13     | Reached XP level 13. HP: 114/116 MP: 20/20
 14212 | D:13     | Reached skill level 16 in Axes
 14970 | D:14     | Found a burning altar of Makhleb.
 15105 | D:14     | Noticed Kirke
 15279 | D:14     | Killed Kirke
 15364 | D:14     | Noticed a vault guard
 15365 | D:14     | Noticed a vault guard
 15368 | D:14     | Noticed a vault guard
 15381 | D:14     | Killed a vault guard
 15382 | D:14     | Reached skill level 17 in Axes
 15388 | D:14     | Killed a vault guard
 15402 | D:14     | Killed a vault guard
 15431 | D:14     | Found a gate to the Vaults.
 15581 | D:14     | Found an iron altar of Okawaru.
 15720 | D:14     | Reached XP level 14. HP: 126/126 MP: 22/22
 15904 | D:14     | Reached skill level 15 in Armour
 15961 | D:14     | Identified the +9 morningstar of Tinuek {drain, *Slow rElec
                  | Dex+3}
 16028 | D:14     | Found the +3 crown of Dyrovepreva {rElec Int+2 SInv}
 16145 | D:14     | Identified the +1 plate armour "Uttodd" {rCorr}
 16310 | D:15     | Entered Level 15 of the Dungeon
 16327 | D:15     | Found a staircase to the Depths.
 16327 | D:15     | Noticed a stone giant
 16561 | Orc:1    | Entered Level 1 of the Orcish Mines
 16640 | Orc:1    | Noticed Harold
 16655 | Orc:1    | Killed Harold
 16655 | Orc:1    | Noticed Nergalle
 16687 | Orc:1    | Killed Nergalle
 16687 | Orc:1    | Reached ****** piety under Qazlal
 16943 | Orc:2    | Entered Level 2 of the Orcish Mines
 17150 | Orc:2    | Gained mutation: You are clumsy. (Dex -2) [a neqoxec]
 17177 | Orc:2    | Found Qenann's Weapon Emporium.
 17177 | Orc:2    | Found Goblon's Magic Scroll Boutique.
 17246 | Orc:2    | Bought a scroll of blinking for 112 gold pieces
 17278 | Orc:2    | Reached skill level 18 in Axes
 17359 | Orc:2    | Found Uhukas's Distillery.
 17359 | Orc:2    | Found Gelid's Weapon Boutique.
 17435 | Orc:2    | Bought the +4 spear "Hydra's Nightmare" {vorpal, rPois rF+
                  | MP-9} for 343 gold pieces
 17463 | Orc:2    | Found a staircase to the Elven Halls.
 17551 | Orc:2    | Found a roughly hewn altar of Beogh.
 18123 | Lair:1   | Entered Level 1 of the Lair of Beasts
 18209 | Lair:1   | Found a runed translucent gate.
 18210 | Lair:1   | Noticed oldmanjim's ghost (journeyman MiBe)
 18211 | Lair:1   | Found a runed translucent gate.
 18212 | Lair:1   | Found a runed translucent gate.
 18246 | Lair:1   | Reached skill level 1 in Polearms
 19116 | Lair:1   | Killed oldmanjim's ghost
 19117 | Lair:1   | Reached XP level 15. HP: 60/137 MP: 13/24
 19186 | Lair:1   | Identified the +4 war axe of Neug Dock {freeze, +Blink
                  | rCorr Int+4}
 20203 | Lair:3   | Reached skill level 1 in Evocations
 20574 | Lair:3   | Found a staircase to the Shoals.
 20624 | Lair:3   | You fall into a shaft and drop 3 floors!
 20624 | Lair:6   | Entered Level 6 of the Lair of Beasts
 20894 | Lair:4   | Found a staircase to the Snake Pit.
 22027 | Lair:5   | Found a staircase to the Slime Pits.
 22037 | Lair:5   | Reached skill level 15 in Fighting
 22040 | Lair:5   | Reached XP level 16. HP: 133/149 MP: 26/26
 22701 | Lair:6   | Reached skill level 5 in Polearms
 23482 | Lair:6   | Acquired 691 gold pieces
 23524 | Snake:1  | Entered Level 1 of the Snake Pit
 23817 | Snake:1  | Got the Collected Works on Vitriolic Transmigration
 24044 | Snake:2  | Noticed Aizul
 24073 | Snake:2  | Noticed Vashnia
 24081 | Snake:2  | Shot with a bolt by Vashnia

Illustrated notes

Levels and vault maps discovered:
D:1:      dpeg_arrival_round_b, layout_basic, shapermc_ecumenical_altar_ellora
D:2:      layout_basic, basic_altar, minmay_small_reverse_x
D:3:      layout_rooms, kennysheep_jessica_study
D:4:      layout_basic, mainiacjoe_overflow_alcove_2,
          mainiacjoe_overflow_24_doors, lightli_corner_chamber
D:5:      layout_loops_ring, grunt_temple_overflow_forces_of_nature,
          uniq_menkaure, uniq_pikel, uniq_edmund, uniq_ijyb
D:6:      minmay_chambers_of_sixes, layout_basic, jmf_multi_god_temple,
          minmay_temple_entry_offerings, minmay_ogre_servants
D:7:      layout_basic, lemuel_coloured_pillars_altar, enter_bailey_3,
          serial_shops, nicolae_shop_stone, nicolae_inconvenience_store, shop,
          nrook_uturn, minmay_misc_feat_enclosed, minmay_ruined_shrine,
          uniq_crazy_yiuf_cottage
D:8:      layout_layer_cave, serial_park_tiny_pond
D:9:      layout_roguey, gammafunk_ghost_split
D:10:     layout_cave_pools
D:11:     layout_gridville, lair_entry_dummy
D:12:     layout_irregular_city, david_orc_1_choice,
          minmay_guarded_unrand_resistance, uniq_psyche
D:13:     layout_basic
D:14:     evilmike_iron_armoury, layout_basic, grunt_vaults_entry_tiered,
          minivault_27, bloody_makhleb, uniq_kirke
D:15:     grunt_enter_depths_giant_problem, layout_irregular_city,
          gammafunk_ghost_smash, minivault_26
Temple:   regret_index_temple_generic_petals
Lair:1:   layout_loops_ring, gammafunk_ghost_hydra_chop, beast_lair_carwin_2
Lair:2:   layout_layer_cave, grunt_forest_small_clearings
Lair:3:   layout_gridlike, minmay_shoals_entry_hut, beast_lair_carwin_4
Lair:4:   layout_gridlike, minmay_snake_entry_guardpost_small, roderic_batcave,
          hangedman_lair_generics_rect
Lair:5:   beast_lair_carwin_large_3, layout_hall_layers,
          nicolae_slime_entry_slimehenge
Lair:6:   gammafunk_lair_ancient_temple, layout_gridlike
Snake:1:  layout_rooms, serial_corexii_hall, chequers_hall_statues_wall_a,
          chequers_hall_statues_y
Snake:2:  nicolae_snake_nest, layout_misc_corridors, serial_shops,
          nicolae_shop_trees, basic_altar, st_stairs_1, minmay_shoptagon,
          uniq_vashnia, uniq_aizul
Orc:1:    layout_diamond_mine, basic_altar, nicolae_orc_lost_temple,
          uniq_harold, uniq_nergalle
Orc:2:    st_orc_town, layout_caves, nicolae_orc_crystal_geode

Skill      XL: |  1  2  3  4  5  6  7  8  9 10 11 12 13 14 15 16 |
---------------+-------------------------------------------------+-----
Axes           | 3 4 5 7 8 9 11 12 14 15 17 18 | 18.9
Fighting       | 4 5 6 8 9 10 11 12 13 15 | 15.6
Shields        | 4 5 6 7 8 9 10 11 12 13 | 13.2
Armour         | 4 6 7 9 10 12 13 14 15 16 | 16.2
Invocations    | 1 4 6 8 10 11 12 13 | 13.8
Polearms       | 2 4 5 |  5.1
Evocations     | 3 |  3.0

Action                   |  1- 3 |  4- 6 |  7- 9 | 10-12 | 13-15 | 16-18 || total
-------------------------+-------+-------+-------+-------+-------+-------++-------
Melee: War axe           |    97 |   151 |   194 |   588 |   910 |   211 ||  2151
       Unarmed           |       |       |       |       |     2 |       ||     2
       Spear             |       |       |       |       |   211 |     8 ||   219
Invok: Upheaval          |       |       |       |       |     6 |       ||     6
  Use: Scroll            |       |     5 |     9 |    11 |     9 |     2 ||    36
       Potion            |       |     1 |     1 |     2 |     4 |     1 ||     9
Armor: Scale mail        |    22 |       |       |       |       |       ||    22
       Plate armour      |    13 |   114 |   118 |   166 |   424 |    55 ||   890
Dodge: Dodged            |    22 |    30 |    35 |   170 |   271 |    36 ||   564
       Repelled          |       |       |       |     4 |     2 |       ||     6
Block: Kite shield       |    51 |    92 |   135 |   491 |  1015 |   179 ||  1963
